Map: Deathaura LE

Players

GOStephano (Stephano) - Winner!

  • Race: Zerg Zerg
  • League: Grandmaster
  • Spawn Location: 11:00

uwuThermal (uThermal)

  • Race: Terran Terran
  • Spawn Location: 5:00

Event: DreamHack SC2 Masters 2020 Winter

VOD

Have the link to the VOD?

Description

Time

  • Played on: Oct. 28, 2020, 1:35 p.m.
  • Length: 17:42

All games in this series

Show
View Real Time Build Order
Export as new Build Order

GOStephano Zerg - Winner!

Build Orders: Hatch First, Lurkers 

Get SALT Encoding   

  12  0:00  Drone  
  13  0:12  Overlord  
  13  0:17  Drone  
  14  0:30  Drone x2  
  16  0:47  Hatchery  
  15  0:51  Drone  
  15  0:54  Drone  
  17  0:57  Drone  
  18  1:08  Extractor  
  17  1:13  Spawning Pool  
  17  1:16  Drone  
  17  1:20  Drone  
  18  1:27  Drone  
  19  1:38  Drone  
  20  1:49  Drone  
  21  1:59  Queen  
  21  2:00  Queen  
  21  2:01  Zergling x4  
  27  2:09  Drone  
  27  2:11  Overlord  
  28  2:19  Hatchery  
  27  2:23  Drone  
  27  2:29  Drone  
  29  2:32  Drone x2  
  31  2:38  Queen  
  33  2:47  Metabolic Boost  
  33  2:48  Overlord  
  33  2:51  Drone  
  33  2:54  Drone x2  
  35  3:08  Drone x2  
  35  3:09  Drone  
  38  3:13  Drone x2  
  38  3:14  Queen, Drone  
  43  3:28  Overlord  
  43  3:30  Queen  
  43  3:31  Queen  
  43  3:32  Drone  
  48  3:34  Zergling x2  
  49  3:50  Drone x2  
  49  3:51  Drone x3  
  49  3:54  Drone  
  55  3:59  Drone  
  56  4:03  Drone  
  56  4:04  Overlord  
  57  4:18  Drone  
  57  4:19  Overlord x2  
  57  4:23  Spore Crawler  
  57  4:24  Spore Crawler, Evolution Chamber x2  
  56  4:25  Spore Crawler  
  56  4:26  Zergling x12  
  59  4:31  Queen  
  59  4:35  Drone x3  
  59  4:36  Drone  
  65  4:40  Drone x2  
  65  4:42  Drone x2  
  65  4:45  Drone x4  
  72  4:46  Drone  
  72  4:50  Zerg Ground Armor Level 1  
  74  5:02  Overlord  
  74  5:05  Lair  
  74  5:06  Extractor  
  72  5:08  Drone, Extractor x2  
  72  5:09  Extractor  
  70  5:16  Drone x3  
  70  5:17  Overlord  
  70  5:20  Overlord  
  73  5:24  Drone x6  
  73  5:27  Overlord  
  79  5:29  Zergling x4  
  76  5:36  Zergling x8  
  76  5:38  Evolution Chamber  
  74  5:46  Drone x5  
  74  5:50  Drone  
  74  5:51  Zerg Melee Weapons Level 1  
  74  5:56  Drone x2  
  78  6:00  Drone, Baneling Nest  
  78  6:10  Drone x3  
  81  6:20  Drone x3  
  81  6:21  Hatchery  
  83  6:27  Drone x4  
  87  6:33  Hatchery  
  87  6:36  Overlord  
  87  6:37  Overlord  
  87  6:38  Overlord  
  86  6:43  Hatchery, Centrifical Hooks  
  86  6:45  Zergling x14  
  86  6:46  Baneling x4  
  86  6:47  Zerg Ground Armor Level 2  
  92  7:00  Zergling x2  
  92  7:01  Zergling x10  
  98  7:08  Baneling x7  
  98  7:09  Zergling x12  
  104  7:17  Extractor  
  104  7:18  Hydralisk Den  
  102  7:23  Drone x5  
  107  7:36  Drone x3  
  107  7:37  Overlord, Drone x3  
  112  7:40  Infestation Pit, Drone x2  
  112  7:41  Drone  
  115  7:45  Zergling x2  
  115  7:46  Zergling x6, Baneling  
  115  7:47  Zerg Melee Weapons Level 2, Baneling x4  
  115  7:48  Muscular Augments  
  115  7:50  Zergling x2  
  115  7:51  Zergling x2  
  116  8:03  Zergling x14  
  123  8:10  Extractor x2  
  121  8:13  Zergling x20  
  121  8:17  Hive  
  121  8:19  Lurker Den, Drone x3  
  133  8:21  Baneling  
  133  8:22  Overseer, Baneling x6  
  133  8:26  Pneumatized Carapace  
  133  8:28  Zergling x16  
  141  8:42  Zergling x2  
  141  8:43  Zergling x20  
  152  8:50  Zergling x8  
  155  9:00  Grooved Spines  
  153  9:03  Zergling x6  
  153  9:04  Overlord  
  153  9:08  Overlord  
  144  9:15  Zergling x8  
  144  9:16  Zergling x20  
  117  9:24  Zergling x22  
  117  9:25  Baneling  
  117  9:26  Baneling x3  
  124  9:31  Hydralisk x8, Seismic Spines  
  124  9:36  Baneling x10  
  140  9:39  Zergling x4  
  140  9:45  Zergling x12  
  148  9:52  Zerg Ground Armor Level 3  
  148  9:57  Adrenal Glands  
  148  9:58  Lurker  
  148  9:59  Lurker x2  
  151  10:00  Zergling x2  
  152  10:13  Zergling x24  
  160  10:26  Lurker  
  160  10:27  Lurker  
  162  10:31  Adaptive Talons  
  162  10:33  Zerg Melee Weapons Level 3  
  162  10:35  Zergling x6  
  165  10:37  Hatchery, Overlord  
  165  10:41  Overlord  
  160  10:46  Zergling x2  
  160  10:47  Zergling x10  
  163  11:07  Drone x11, Extractor  
  163  11:08  Hatchery, Extractor  
  163  11:10  Lurker x3  
  174  11:23  Drone  
  175  11:27  Hydralisk x3  
  175  11:32  Zergling x2  
  182  11:34  Overlord  
  182  11:39  Overlord  
  182  11:44  Overlord  
  182  11:49  Overlord  
  182  11:52  Baneling x8  
  182  11:53  Baneling  
  181  11:56  Overlord  
  181  11:57  Baneling x7  
  181  11:58  Zergling x30  
  181  11:59  Zergling x2  
  197  12:07  Hatchery  
  196  12:10  Lurker x3  
  196  12:13  Zergling x8  
  190  12:17  Hydralisk  
  190  12:18  Hydralisk x4  
  190  12:22  Hydralisk x3  
  174  12:28  Hydralisk x3  
  171  12:32  Zergling x10  
  140  12:45  Hydralisk x5  
  147  12:54  Viper x3  
  154  13:04  Zergling x14, Lurker x2  
  163  13:14  Lurker  
  163  13:15  Lurker  
  165  13:25  Overseer  
  165  13:26  Overseer  
  165  13:27  Zerg Missile Weapons Level 1  
  165  13:34  Hatchery  
  164  13:37  Lurker  
  164  13:38  Hydralisk x2, Lurker  
  164  13:39  Zergling x2  
  164  13:40  Zergling x22  
  182  13:42  Overseer  
  182  13:55  Extractor  
  181  14:06  Zergling x14  
  167  14:28  Hydralisk x14  
  145  14:39  Hydralisk x5  
  143  14:47  Hydralisk x4  
  143  14:52  Zergling x4  
  134  14:58  Overlord  
  128  15:07  Drone x6  
  134  15:17  Lurker x3  
  137  15:38  Hatchery  
  136  15:44  Lurker x4  
  136  15:46  Hydralisk  
  142  15:58  Zergling x12  
  142  15:59  Zergling x4  
  137  16:18  Drone x5  
  137  16:19  Drone x8  
  142  16:37  Zergling x2  
  142  16:38  Zergling x12  
  145  16:58  Hydralisk x7  
  153  17:10  Hatchery  
Show
View Real Time Build Order
Export as new Build Order

uwuThermal Terran 

Build Orders: Hellion Opening, Liberator Opening, Reaper Expand 

Get SALT Encoding   

  12  0:00  SCV  
  13  0:12  SCV  
  14  0:16  Supply Depot  
  14  0:24  SCV  
  15  0:38  SCV  
  15  0:39  Barracks  
  16  0:43  Refinery  
  16  0:50  SCV  
  17  1:02  SCV  
  18  1:14  SCV  
  19  1:26  Reaper, Orbital Command  
  20  1:39  Command Center  
  20  1:48  Supply Depot  
  20  1:52  SCV  
  21  1:58  Marine  
  22  2:04  SCV  
  23  2:08  Factory  
  23  2:16  SCV  
  23  2:19  Barracks Reactor  
  24  2:29  SCV  
  25  2:41  SCV  
  25  2:42  Command Center  
  26  2:51  Orbital Command  
  26  2:53  SCV  
  27  2:59  Starport  
  27  3:05  SCV  
  28  3:09  Refinery  
  28  3:11  Hellion  
  30  3:16  Hellion  
  30  3:17  SCV  
  34  3:20  SCV  
  34  3:29  SCV  
  34  3:32  SCV, Hellion  
  38  3:36  Viking  
  38  3:38  Hellion  
  42  3:42  SCV  
  42  3:44  SCV  
  44  3:54  SCV, Hellion  
  47  3:56  SCV  
  47  3:59  Hellion  
  49  4:06  SCV, Supply Depot, Orbital Command, Liberator  
  49  4:08  SCV  
  54  4:16  Hellion  
  56  4:19  SCV  
  56  4:20  SCV, Hellion  
  56  4:24  Supply Depot  
  60  4:31  SCV  
  60  4:32  SCV x2  
  60  4:34  Supply Depot  
  60  4:37  Hellion  
  65  4:42  Hellion  
  65  4:43  Barracks Tech Lab  
  65  4:44  SCV  
  68  4:46  SCV  
  68  4:50  Supply Depot, Barracks  
  68  4:51  Starport Reactor, Barracks  
  69  4:55  SCV  
  69  4:56  SCV  
  71  5:02  Engineering Bay x2, Stimpack, Marine  
  71  5:06  SCV  
  74  5:07  SCV  
  74  5:14  Factory Tech Lab  
  74  5:15  SCV, Refinery  
  74  5:18  SCV  
  74  5:19  SCV  
  74  5:20  Marine  
  78  5:29  SCV  
  78  5:31  Barracks  
  78  5:32  SCV  
  78  5:33  Barracks  
  75  5:38  SCV, Marine  
  75  5:41  SCV  
  71  5:45  Starport Reactor  
  71  5:47  SCV, Terran Infantry Weapons Level 1  
  71  5:48  Terran Infantry Armor Level 1  
  69  5:50  SCV  
  69  5:52  Orbital Command  
  69  5:53  Marine  
  69  5:54  Marine x2  
  69  5:56  Marine  
  66  5:58  Marine  
  66  5:59  SCV, Refinery  
  66  6:00  Siege Tank  
  66  6:02  SCV  
  72  6:08  Orbital Command  
  72  6:11  SCV, Marine x3  
  72  6:12  Barracks x2  
  72  6:13  Marine, Barracks  
  72  6:15  SCV  
  72  6:16  Marine  
  79  6:19  Barracks Reactor  
  79  6:20  Barracks Reactor  
  79  6:23  SCV  
  79  6:24  Medivac  
  83  6:26  Medivac  
  83  6:27  SCV  
  83  6:29  Marine x3  
  83  6:31  Marine  
  89  6:34  Marine  
  89  6:37  Supply Depot x2  
  90  6:41  Supply Depot  
  90  6:43  Supply Depot  
  90  6:44  Siege Tank  
  93  6:48  Combat Shield  
  93  6:52  Marine x5  
  98  6:55  Marine x2  
  98  6:56  Marine  
  98  6:57  Armory  
  98  6:59  Marine x2  
  98  7:00  Supply Depot  
  103  7:01  Marine  
  103  7:04  Marine  
  103  7:07  Supply Depot  
  105  7:10  Supply Depot, Marine x2  
  105  7:12  Marine  
  105  7:13  Marine  
  105  7:15  Marine x2  
  111  7:16  Siege Tank  
  111  7:21  Medivac  
  116  7:23  Medivac  
  116  7:24  Marine  
  116  7:25  Supply Depot x2  
  116  7:29  Marine  
  119  7:32  Marine x6  
  119  7:33  Marine  
  119  7:34  Marine  
  119  7:36  Marine  
  129  7:41  Supply Depot  
  129  7:43  Marine x2  
  131  7:45  Supply Depot  
  131  7:49  Terran Infantry Weapons Level 2  
  131  7:51  Marine x4  
  135  7:59  Marine  
  135  8:00  Marine x2  
  135  8:01  Marine x3  
  135  8:04  Marine  
  142  8:06  Marine  
  142  8:08  Marine  
  142  8:09  Marine  
  142  8:10  Marine  
  146  8:12  Supply Depot  
  146  8:14  Siege Tank  
  146  8:15  Terran Infantry Armor Level 2  
  146  8:16  Terran Vehicle Weapons Level 1, Marine  
  146  8:17  Marine  
  146  8:19  Marine  
  152  8:20  Marine  
  152  8:21  Marine  
  152  8:23  Marine  
  152  8:24  Marine  
  152  8:25  Marine  
  157  8:30  Marine x2  
  159  8:41  Marine  
  160  8:43  Marine x2  
  160  8:45  Command Center  
  160  8:46  Medivac, Marine  
  160  8:47  Marine  
  166  8:49  Marine  
  166  8:51  Siege Tank  
  166  8:54  Marine  
  171  8:56  Marine x2  
  171  9:01  Marine  
  173  9:03  Medivac, Marine  
  173  9:04  Supply Depot  
  173  9:05  Marine  
  174  9:16  Medivac  
  144  9:18  Marine x2  
  144  9:21  Marine x3  
  144  9:22  Marine  
  144  9:23  Marine x2  
  144  9:24  Marine  
  147  9:25  Marine x3  
  147  9:26  Siege Tank  
  146  9:36  Marine x2  
  148  9:39  Marine x3  
  148  9:40  Marine  
  148  9:41  Marine x3  
  148  9:42  Marine  
  148  9:43  Marine x2  
  158  9:53  Medivac  
  158  9:54  Marine x2  
  158  9:57  Marine x3  
  158  9:58  Marine, Siege Tank  
  158  9:59  Marine x3  
  172  10:00  SCV, Marine  
  172  10:03  Marine  
  172  10:07  Marine  
  172  10:11  Marine  
  172  10:12  Marine  
  169  10:15  Marine x3  
  169  10:16  Marine x2  
  169  10:17  Marine  
  169  10:19  Terran Infantry Weapons Level 3  
  176  10:22  SCV  
  176  10:25  Marine  
  176  10:28  Planetary Fortress  
  179  10:29  Marine  
  179  10:32  Barracks Tech Lab x3  
  179  10:34  SCV, Marine  
  178  10:39  Marine  
  179  10:45  SCV x2  
  179  10:46  SCV  
  179  10:48  Terran Infantry Armor Level 3  
  181  10:51  Concussive Shells, Marauder x3  
  181  10:53  Marine x2  
  181  10:55  Marine  
  181  10:56  Marine  
  182  10:58  Marine  
  183  11:05  Marine x2  
  183  11:06  Marauder  
  187  11:12  Marauder  
  187  11:17  Command Center  
  189  11:18  Sensor Tower  
  189  11:19  Siege Tank  
  192  11:27  SCV  
  192  11:32  Factory  
  193  11:36  Marauder, Marine  
  186  11:41  Marauder x2  
  190  11:51  Siege Tank  
  190  11:53  Refinery, Marine  
  190  11:54  Marauder, Refinery  
  193  11:55  Factory  
  193  11:56  Marine  
  193  11:57  Command Center  
  193  11:58  Marauder  
  193  11:59  Marine  
  197  12:02  Marauder  
  197  12:04  SCV  
  197  12:05  Refinery x2  
  199  12:20  Marine  
  199  12:21  Marauder  
  170  12:24  Marine  
  170  12:25  Marauder  
  170  12:28  Marine, Siege Tank  
  170  12:29  Marauder  
  165  12:34  Medivac  
  165  12:35  Marine  
  165  12:36  Marauder  
  165  12:37  Marine  
  156  12:38  Factory Tech Lab  
  156  12:40  Marine x2  
  156  12:42  Marine  
  153  12:44  Marine  
  153  12:45  Marauder  
  153  12:48  Factory Tech Lab  
  153  12:49  Marine x2  
  153  12:50  Marauder  
  160  12:55  Medivac  
  160  12:57  Marauder  
  160  12:58  Marine  
  155  13:08  Marauder  
  155  13:10  Marine x2  
  156  13:20  Medivac  
  156  13:26  Marine x2  
  156  13:27  Marauder x2, Marine x2  
  163  13:36  Missile Turret  
  163  13:37  Siege Tank  
  163  13:38  Orbital Command  
  163  13:39  Marine  
  167  13:43  Marauder  
  169  13:50  Siege Tank  
  172  13:56  Siege Tank  
  175  14:02  Marine  
  175  14:03  Marauder  
  177  14:15  Siege Tank  
  169  14:25  Missile Turret  
  140  14:31  Marine  
  140  14:32  Marauder, Marine  
  114  14:40  Marauder, Marine x3  
  97  14:48  Marine, Siege Tank  
  97  14:52  Marine  
  92  14:53  Marauder x2  
  92  14:58  Medivac, Orbital Command  
  88  15:00  Marine  
  88  15:03  Marine  
  88  15:09  Marine  
  88  15:11  Marine  
  90  15:15  Marine  
  90  15:21  SCV  
  93  15:28  Marine  
  93  15:34  Siege Tank  
  96  15:38  Marine  
  97  15:44  Marine  
  97  15:45  Marauder  
  97  15:46  Marine  
  101  15:51  Marauder  
  75  16:11  Siege Tank  
  75  16:17  Marauder x2, Marine x3  
  79  16:20  Marine  
  80  16:27  Marauder  
  80  16:29  Marine  
  80  16:32  SCV  
  78  16:43  Marine  
  78  16:44  Marauder  
  78  16:45  Marine x2  
  80  16:51  Marine x2  
Tags
 
Add a new tag
Caveats
  • Supply blocks, unpowered buildings, or Contaminate may cause inaccurate times.
  • Supply counts are checked every 10 seconds.